AoeStats
← TmZ_gazolla86

Arena

509477119Analyzed
4v4 RM · 7d ago on Sep 26, 2026· 34m 35s· 8 players
Game mode
Random Map
Map size
Large (8 player)
Population
200
Speed
Normal
Resources
Standard
Victory
Conquest
Starting age
Dark Age
Ending age
Imperial Age
RankedLock teamsTeams togetherTeam positionsShared explorationLock speedFull tech treeHidden civsTurbo modeCheats
Victory
Defeat
🇹🇷 Italians · Türkiye
1352
+13
🇹🇷 Persians · Türkiye
1308
+15
🇺🇦 Gurjaras · Ukraine
1235
+18
🇹🇷 Poles · Türkiye
1225
+18
🇩🇪 Poles · Germany
1318
-17
🇺🇸 Ethiopians · United States
1283
-16
🇩🇪 Mongols · Germany
1268
-16
🇧🇷 Varangians · Brazil
1258
-15
Kaii
10:32 Loom
12:19 Feudal Age
16:09 Castle Age
20:33 Imperial Age
18:47 Fletching
18:59 Padded Archer Armor
18:53 Double-Bit Axe
22:20 Chemistry
22:16 Ballistics
22:32 Bodkin Arrow
25:04 Ballistics
25:51 Bracer
31:35 Loom
32:27 Wheelbarrow
32:47 Bow Saw
33:45 Horse Collar
only_mousee
3:15 Loom
9:22 Feudal Age
13:22 Castle Age
22:33 Redemption
22:44 Sanctity
27:41 Fervor
27:32 Atonement
31:11 Wheelbarrow
30:31 Double-Bit Axe
JUST A TURK
11:00 Feudal Age
14:47 Castle Age
12:48 Double-Bit Axe
13:08 Horse Collar
14:27 Gold Mining
23:52 Wheelbarrow
23:10 Gold Mining
25:24 Gold Shaft Mining
25:01 Bow Saw
25:40 Loom
25:43 Town Watch
26:41 Bloodlines
29:04 Imperial Age
27:15 Bloodlines
27:06 Husbandry
27:13 Scale Barding Armor
28:15 Chain Barding Armor
28:53 Forging
28:46 Cavalier
30:03 Plate Barding Armor
30:27 Hand Cart
30:57 Iron Casting
31:47 Chemistry
31:32 Savar
CatyKat
9:58 Loom
11:51 Feudal Age
12:15 Horse Collar
16:59 Castle Age
15:09 Double-Bit Axe
19:45 Bow Saw
19:38 Heavy Plow
22:06 Gold Mining
28:00 Forging
27:55 Scale Barding Armor
28:30 Wheelbarrow
28:23 Bloodlines
28:13 Husbandry
32:08 Imperial Age
30:11 Szlachta Privileges
31:07 Iron Casting
30:52 Chain Barding Armor
31:03 Hand Cart
31:50 Town Watch
31:50 Loom
32:00 Stone Mining
32:12 Cavalier
34:04 Blast Furnace
33:51 Stone Shaft Mining
34:03 Conscription
GodFuzzyWuzzy
10:18 Feudal Age
11:35 Horse Collar
11:42 Double-Bit Axe
14:29 Castle Age
15:55 Bow Saw
15:55 Heavy Plow
16:01 Loom
21:33 Wheelbarrow
20:50 Town Watch
26:14 Imperial Age
24:13 Fletching
24:23 Padded Archer Armor
24:48 Crossbowman
25:52 Thumb Ring
27:00 Ballistics
26:36 Arbalester
28:01 Bodkin Arrow
30:07 Bracer
32:43 Chemistry
33:18 Hand Cart
TmZ_gazolla86
6:36 Loom
9:48 Feudal Age
14:15 Castle Age
13:27 Double-Bit Axe
13:32 Horse Collar
16:43 Heavy Plow
20:55 Forging
21:50 Scale Barding Armor
22:49 Heavy Plow
23:27 Masonry
26:10 Bloodlines
26:00 Husbandry
33:42 Wheelbarrow
32:52 Town Watch
33:04 Stone Mining
33:05 Gold Mining
Micha
10:32 Feudal Age
11:52 Loom
14:49 Castle Age
13:29 Double-Bit Axe
13:50 Horse Collar
18:00 Fletching
19:21 Bodkin Arrow
21:10 Padded Archer Armor
22:36 Leather Archer Armor
23:05 Ballistics
26:39 Wheelbarrow
29:43 Hand Cart
29:47 Bloodlines
29:38 Husbandry
31:59 Scale Barding Armor
34:25 Chain Barding Armor
ChrisBu
10:59 Feudal Age
14:41 Castle Age
13:32 Double-Bit Axe
13:29 Horse Collar
20:15 Loom
24:44 Heavy Plow
27:08 Wheelbarrow
28:07 Scale Barding Armor
30:59 Imperial Age
29:31 Chain Barding Armor
30:30 Light Cavalry
31:21 Bloodlines
31:11 Husbandry
31:40 Forging
32:00 Hand Cart
31:08 Cavalier
32:12 Conscription
Connection lost

Rejoining the realm…

Still unreachable

The connection could not be restored.

Session expired

The server has moved on; the page needs a fresh start.